Oilers vs Senateurs

Created - 21 janvier 2022 at 16:38

Goals
1 2 3 T
Oilers 0 2 1 3
Senateurs 0 2 0 2
Shots
1 2 3 T
Oilers 4 8 18 30
Senateurs 9 20 11 40

1st period

No Goal

Penalties :
Bobby Ryan (EDM) for Hooking (Minor) at 4:37

2nd period

1. Senateurs , Steven Stamkos 17 (Jakub Voracek 19, Nick Holden 3) at 15:11
2. Oilers , Jeff Skinner 10 (Cody Glass 16, Bobby Ryan 14) at 15:50
3. Senateurs , Erik Haula 13 (Jared McCann 10, Erik Gustafsson 5) at 16:42
4. Oilers , Owen Tippett 1 (Ben Street 2) at 19:31

Penalties :
Alexander Kerfoot (OTT) for Tripping (Minor) at 10:28

3rd period

5. Oilers , Bobby Ryan 11 (Connor McDavid 35) at 10:55

Penalties :
Dustin Brown (OTT) for High sticking (Minor) at 11:48

Goalie Stats

Kaapo Kahkonen (EDM), 38 saves from 40 shots - (0,950), W, 8-10-6, 60:00 minutes
Ilya Sorokin (OTT), 27 saves from 30 shots - (0,900), L, 11-5-1, 59:12 minutes

Players Stats for Oilers

Player Name              G  A  P  +/- PIM S  H  SB GA TA FO     MP     PP MP  PK MP  
------------------------------------------------------------------------------------
Alex Biega               0  0  0   0  0   1  0  0  0  1  0/0    11:15   0:00   0:00 
Barrett Hayton           0  0  0   0  0   1  2  0  0  0  2/4     8:05   0:00   0:24 
Ben Street               0  1  1   0  0   1  1  0  0  1  1/5    11:44   0:00   0:00 
Bobby Ryan               1  1  2   1  2   7  2  0  0  0  1/2    20:47   2:02   0:00 
Brandon Pirri            0  0  0   0  0   0  1  0  0  0  0/0     7:35   0:00   0:00 
Brendan Smith            0  0  0   0  0   0  0  1  0  0  0/0    11:15   0:00   0:00 
Cody Glass               0  1  1   0  0   2  1  1  0  1  7/14   18:20   1:51   0:50 
Connor McDavid           0  1  1   1  0   5  2  1  3  1  18/37  21:53   2:04   0:57 
Gaetan Haas              0  0  0   0  0   0  0  0  0  0  0/0     0:53   0:13   0:15 
Jake Gardiner            0  0  0   0  0   1  0  2  0  2  0/0    19:13   1:38   0:50 
James Neal               0  0  0   0  0   3  2  0  2  0  0/2    12:08   0:05   0:00 
Jeff Skinner             1  0  1   0  0   1  2  0  1  0  0/0    17:30   1:51   0:00 
John Carlson             0  0  0   1  0   1  2  1  2  0  0/0    29:32   2:20   1:09 
Jordan Oesterle          0  0  0   0  0   1  0  5  0  0  0/0    19:13   1:38   0:50 
Kyle Okposo              0  0  0   1  0   2  1  2  1  0  1/3    21:38   1:57   0:54 
Luke Schenn              0  0  0   1  0   0  0  0  0  0  0/0     4:16   0:00   0:00 
Mark Giordano            0  0  0   0  0   0  4  1  0  2  0/0    25:16   2:20   1:09 
Owen Tippett             1  0  1   0  0   2  1  0  0  0  0/0    12:22   0:00   0:38 
Tomas Nosek              0  0  0   0  0   1  4  1  0  0  0/0    17:30   1:51   0:00 
Zack Kassian             0  0  0   0  0   1  1  0  0  0  0/0     7:35   0:00   0:00 

Players Stats for Senateurs

Player Name              G  A  P  +/- PIM S  H  SB GA TA FO     MP     PP MP  PK MP  
------------------------------------------------------------------------------------
Alexander Kerfoot        0  0  0   0  2   4  1  0  0  0  0/0    13:16   0:00   0:57 
Danny DeKeyser           0  0  0  -3  0   1  1  0  0  1  0/0    21:10   0:00   2:20 
Devin Shore              0  0  0   0  0   5  1  0  1  1  4/8    14:05   0:00   1:53 
Dustin Brown             0  0  0  -1  2   4  2  1  1  1  0/1    21:05   1:09   0:50 
Erik Gustafsson          0  1  1   2  0   2  1  0  0  1  0/0    20:09   1:13   0:00 
Erik Haula               1  0  1   0  0   3  1  0  2  0  8/15   17:49   0:50   1:35 
Jake Bischoff            0  0  0   0  0   0  2  1  0  0  0/0    17:33   0:00   0:58 
Jake Virtanen            0  0  0   0  0   0  0  0  0  0  0/0     7:21   0:00   0:00 
Jakub Voracek            0  1  1  -1  0   4  1  0  1  0  0/0    20:24   1:09   0:09 
Jared McCann             0  1  1   0  0   3  0  0  1  0  0/0    17:48   0:50   1:42 
Jason Zucker             0  0  0   0  0   0  1  0  1  0  0/0    12:11   0:00   0:00 
Nick Holden              0  1  1   2  0   0  1  1  0  2  0/0    13:27   1:25   0:36 
Ryan Hartman             0  0  0   0  0   4  1  0  1  0  0/1    17:04   0:50   0:50 
Steven Stamkos           1  0  1  -1  0   3  0  0  0  1  23/39  20:15   1:09   0:00 
Tobias Bjornfot          0  0  0   0  0   0  0  1  0  1  0/0    20:45   0:31   1:54 
Trevor van Riemsdyk      0  0  0  -3  0   1  0  2  0  1  0/0    26:56   0:49   2:08 
Tyler Ennis              0  0  0   0  0   5  1  0  0  0  1/1     7:21   0:00   0:00 
Vinni Lettieri           0  0  0   0  0   1  2  0  0  0  1/2     7:21   0:00   0:00 

3 Stars

1 - Kaapo Kahkonen (EDM)
2 - Bobby Ryan (EDM)
3 - Jeff Skinner (EDM)

Power Play

Oilers - 0 on 2 Attempt(s) - 0,00%
Senateurs - 0 on 1 Attempt(s) - 0,00%

Penalty Kill

Oilers - 1 on 1 Attempt(s) - 100,00% - Score 0 goal in Penalty Kill
Senateurs - 2 on 2 Attempt(s) - 100,00% - Score 0 goal in Penalty Kill

Team Stat

Oilers - Hits : 26 - Faceoff Wins : 30 - Blocked Shots : 15 - Penalty Minutes : 2
Senateurs - Hits : 16 - Faceoff Wins : 37 - Blocked Shots : 6 - Penalty Minutes : 4

Official

Referees : Tim Peel and Brian Pochmara
Linesman : Ryan Daisy and Scott Driscoll

Game Notes

Nick Holden is injured at 18:56 of 2nd period (Sports Hernia)

Finance

Level 1 -- Attendance: 6000 (100,00%) -- Ticket Income 540 000 $
Level 2 -- Attendance: 5000 (100,00%) -- Ticket Income 275 000 $
Level 3 -- Attendance: 1932 (96,60%) -- Ticket Income 63 756 $
Level 4 -- Attendance: 3918 (97,95%) -- Ticket Income 70 524 $
Luxury Box -- Attendance: 900 (90,00%) -- Ticket Income 162 000 $
Game was played at the Place Banque Scottia.
Total Attendance: 17750 (98,61%)
Total Ticket Income: 1 111 280 $
Other Income: 544 527 $
Total Income: 1 655 807 $

Oilers

5 vs 5 Forward 
   Center                   Left Wing                Right Wing               Time % Phy DF OF 
 1 Connor McDavid           Kyle Okposo              Bobby Ryan               40     1   2  2  
 2 Cody Glass               Jeff Skinner             Tomas Nosek              30     1   2  2  
 3 Ben Street               James Neal               Owen Tippett             20     1   2  2  
 4 Barrett Hayton           Brandon Pirri            Zack Kassian             10     1   2  2  

5 vs 5 Defense 
   Defense                  Defense                                           Time % Phy DF OF 
 1 John Carlson             Mark Giordano                                     40     1   2  2  
 2 Jordan Oesterle          Jake Gardiner                                     30     1   2  2  
 3 Brendan Smith            Alex Biega                                        20     1   2  2  
 4 Luke Schenn              John Carlson                                      10     1   2  2  

PowerPlay Forward 
   Center                   Left Wing                Right Wing               Time % Phy DF OF 
 1 Connor McDavid           Kyle Okposo              Bobby Ryan               60     1   2  2  
 2 Cody Glass               Jeff Skinner             Tomas Nosek              40     1   2  2  

PowerPlay Defense
   Defense                  Defense                                           Time % Phy DF OF 
 1 John Carlson             Mark Giordano                                     60     1   2  2  
 2 Jordan Oesterle          Jake Gardiner                                     40     1   2  2  

Penalty Kill 4 Players Forward 
   Center                   Wing                     Time % Phy DF OF 
 1 Connor McDavid           Kyle Okposo              60     1   2  2  
 2 Bobby Ryan               Cody Glass               40     1   2  2  

Penalty Kill 4 Players Defense
   Defense                  Defense                  Time % Phy DF OF 
 1 John Carlson             Mark Giordano            60     1   2  2  
 2 Jordan Oesterle          Jake Gardiner            40     1   2  2  

Penalty Kill - 3 Players Forward 
   Forward                                           Time % Phy DF OF 
 1 Connor McDavid                                    60     1   2  2  
 2 Kyle Okposo                                       40     1   2  2  

Penalty Kill - 3 Players Defense
   Defense                  Defense                  Time % Phy DF OF 
 1 John Carlson             Mark Giordano            60     1   2  2  
 2 Jordan Oesterle          Jake Gardiner            40     1   2  2  

4 vs 4 Forward 
   Center                   Wing                     Time % Phy DF OF 
 1 Connor McDavid           Kyle Okposo              60     1   2  2  
 2 Bobby Ryan               Cody Glass               40     1   2  2  

4 vs 4 Defense
   Defense                  Defense                  Time % Phy DF OF 
 1 John Carlson             Mark Giordano            60     1   2  2  
 2 Jordan Oesterle          Jake Gardiner            40     1   2  2  

Last Minutes Offensive
   Center                   Left Wing                Right Wing               Defense                  Defense                  
   Connor McDavid           Kyle Okposo              Bobby Ryan               John Carlson             Mark Giordano            

Last Minutes Defensive
   Center                   Left Wing                Right Wing               Defense                  Defense                  
   Connor McDavid           Kyle Okposo              Bobby Ryan               John Carlson             Mark Giordano            

Goaltenders
Starting : Kaapo Kahkonen           
Backup : Joonas Korpisalo         

Extra Forwards
Normal : Gaetan Haas, James Neal, Owen Tippett - PP : Gaetan Haas, James Neal - PK : Owen Tippett
Extra Defensemen
Normal : Brendan Smith, Alex Biega, Luke Schenn - PP : Brendan Smith - PK : Alex Biega, Luke Schenn
Penalty Shots
Connor McDavid, Kyle Okposo, Bobby Ryan, Cody Glass, Jeff Skinner
Custom OT Lines Forwards
Connor McDavid, Kyle Okposo, Bobby Ryan, Cody Glass, Jeff Skinner, Tomas Nosek, James Neal, Owen Tippett, Ben Street, Zack Kassian
Custom OT Lines Defensemen
John Carlson, Mark Giordano, Jordan Oesterle, Jake Gardiner, Brendan Smith

Scratches
Tim Stutzle (Exhaustion), Nathan Gerbe (Bruised Left Leg Injury)

Senateurs

5 vs 5 Forward 
   Center                   Left Wing                Right Wing               Time % Phy DF OF 
 1 Steven Stamkos           Jakub Voracek            Dustin Brown             35     1   2  2  
 2 Erik Haula               Ryan Hartman             Jared McCann             29     1   2  2  
 3 Devin Shore              Alexander Kerfoot        Jason Zucker             23     1   2  2  
 4 Vinni Lettieri           Tyler Ennis              Jake Virtanen            13     1   2  2  

5 vs 5 Defense 
   Defense                  Defense                                           Time % Phy DF OF 
 1 Trevor van Riemsdyk      Danny DeKeyser                                    39     1   2  2  
 2 Nick Holden              Erik Gustafsson                                   33     1   2  2  
 3 Tobias Bjornfot          Jake Bischoff                                     28     1   2  2  
 4 Trevor van Riemsdyk      Danny DeKeyser                                    0      1   2  2  

PowerPlay Forward 
   Center                   Left Wing                Right Wing               Time % Phy DF OF 
 1 Steven Stamkos           Jakub Voracek            Dustin Brown             60     1   2  2  
 2 Erik Haula               Ryan Hartman             Jared McCann             40     1   2  2  

PowerPlay Defense
   Defense                  Defense                                           Time % Phy DF OF 
 1 Nick Holden              Erik Gustafsson                                   60     1   2  2  
 2 Trevor van Riemsdyk      Erik Gustafsson                                   40     1   2  2  

Penalty Kill 4 Players Forward 
   Center                   Wing                     Time % Phy DF OF 
 1 Devin Shore              Alexander Kerfoot        60     1   2  2  
 2 Erik Haula               Ryan Hartman             40     1   2  2  

Penalty Kill 4 Players Defense
   Defense                  Defense                  Time % Phy DF OF 
 1 Danny DeKeyser           Trevor van Riemsdyk      60     1   2  2  
 2 Tobias Bjornfot          Nick Holden              40     1   2  2  

Penalty Kill - 3 Players Forward 
   Forward                                           Time % Phy DF OF 
 1 Devin Shore                                       60     1   2  2  
 2 Alexander Kerfoot                                 40     1   2  2  

Penalty Kill - 3 Players Defense
   Defense                  Defense                  Time % Phy DF OF 
 1 Danny DeKeyser           Trevor van Riemsdyk      60     1   2  2  
 2 Tobias Bjornfot          Nick Holden              40     1   2  2  

4 vs 4 Forward 
   Center                   Wing                     Time % Phy DF OF 
 1 Steven Stamkos           Dustin Brown             60     1   2  2  
 2 Erik Haula               Jakub Voracek            40     1   2  2  

4 vs 4 Defense
   Defense                  Defense                  Time % Phy DF OF 
 1 Nick Holden              Erik Gustafsson          60     1   2  2  
 2 Danny DeKeyser           Trevor van Riemsdyk      40     1   2  2  

Last Minutes Offensive
   Center                   Left Wing                Right Wing               Defense                  Defense                  
   Steven Stamkos           Dustin Brown             Jakub Voracek            Danny DeKeyser           Trevor van Riemsdyk      

Last Minutes Defensive
   Center                   Left Wing                Right Wing               Defense                  Defense                  
   Steven Stamkos           Dustin Brown             Jakub Voracek            Danny DeKeyser           Trevor van Riemsdyk      

Goaltenders
Starting : Ilya Sorokin             
Backup : Mike Smith               

Extra Forwards
Normal : Alexander Kerfoot, Jason Zucker, Devin Shore - PP : Alexander Kerfoot, Jason Zucker - PK : Devin Shore
Extra Defensemen
Normal : Trevor van Riemsdyk, Nick Holden, Erik Gustafsson - PP : Erik Gustafsson - PK : Danny DeKeyser, Trevor van Riemsdyk
Penalty Shots
Steven Stamkos, Dustin Brown, Jakub Voracek, Erik Haula, Jared McCann
Custom OT Lines Forwards
Steven Stamkos, Dustin Brown, Jakub Voracek, Erik Haula, Jared McCann, Ryan Hartman, Alexander Kerfoot, Jason Zucker, Devin Shore, Tyler Ennis
Custom OT Lines Defensemen
Erik Gustafsson, Tobias Bjornfot, Danny DeKeyser, Trevor van Riemsdyk, Nick Holden

Scratches
Dougie Hamilton (Left Forearm Injury), Leo Komarov (Healthy), Artem Zub (Left Leg Injury), Eric Robinson (Healthy)

% Time on Ice - Oilers

Lines # - Real PCT - Wanted PCT - Time Play
Normal Forward
1 - 34% - 40% - 18:08
2 - 29% - 30% - 15:39
3 - 22% - 20% - 11:44
4 - 14% - 10% - 7:35
Normal Defense
1 - 39% - 40% - 20:56
2 - 31% - 30% - 16:39
3 - 21% - 20% - 11:15
4 - 8% - 10% - 4:16
PP Forward
1 - 53% - 60% - 2:07
2 - 47% - 40% - 1:51
PP Defense
1 - 59% - 60% - 2:20
2 - 41% - 40% - 1:38
PK Forward
1 - 66% - 60% - 1:18
2 - 34% - 40% - 0:41
PK Defense
1 - 58% - 60% - 1:09
2 - 42% - 40% - 0:50
PK3 Forward
1 - 0% - 60%
2 - 0% - 40%
PK3 Defense
1 - 0% - 60%
2 - 0% - 40%
44 Forward
1 - 0% - 60%
2 - 0% - 40%
44 Defense
1 - 0% - 60%
2 - 0% - 40%
Last Minute Offensive  - 0:00
Last Minute Defensive  - 0:57
Total
Forward - 60:00
Defense - 60:00

% Time on Ice - Senateurs

Lines # - Real PCT - Wanted PCT - Time Play
Normal Forward
1 - 35% - 35% - 18:21
2 - 29% - 29% - 15:16
3 - 23% - 23% - 12:11
4 - 14% - 13% - 7:21
Normal Defense
1 - 35% - 39% - 18:25
2 - 34% - 33% - 18:03
3 - 30% - 28% - 16:10
4 - 1% - 0% - 0:31
PP Forward
1 - 58% - 60% - 1:09
2 - 42% - 40% - 0:50
PP Defense
1 - 71% - 60% - 1:25
2 - 29% - 40% - 0:34
PK Forward
1 - 93% - 60% - 3:41
2 - 7% - 40% - 0:17
PK Defense
1 - 57% - 60% - 2:15
2 - 43% - 40% - 1:43
PK3 Forward
1 - 0% - 60%
2 - 0% - 40%
PK3 Defense
1 - 0% - 60%
2 - 0% - 40%
44 Forward
1 - 0% - 60%
2 - 0% - 40%
44 Defense
1 - 0% - 60%
2 - 0% - 40%
Last Minute Offensive  - 0:54
Last Minute Defensive  - 0:00
Total
Forward - 60:00
Defense - 60:00

Play-by-Play

1st period


0:01 of 1st period - Connor McDavid wins face-off versus Dustin Brown in neutral zone.
0:08 of 1st period - Snap shot by Connor McDavid.
0:08 of 1st period - Stopped by Ilya Sorokin with a rebound.
1:32 of 1st period - Wrist shot by Dustin Brown.
1:32 of 1st period - Stopped by Kaapo Kahkonen with a rebound.
1:37 of 1st period - Off-side.
1:38 of 1st period - Cody Glass wins face-off versus Erik Haula in neutral zone.
1:40 of 1st period - Off-side.
1:41 of 1st period - Erik Haula wins face-off versus Cody Glass in neutral zone.
2:10 of 1st period - Snap shot by Dustin Brown.
2:10 of 1st period - Stopped by Kaapo Kahkonen with a rebound.
2:12 of 1st period - Snap shot by Steven Stamkos.
2:12 of 1st period - Stopped by Kaapo Kahkonen with a rebound.
2:16 of 1st period - Slapshot by Jakub Voracek.
2:16 of 1st period - Shot Misses the Net.
2:18 of 1st period - Slapshot by Nick Holden.
2:18 of 1st period - Shot Blocked by Kyle Okposo.
2:38 of 1st period - Wrist shot by Devin Shore.
2:38 of 1st period - Shot Misses the Net.
2:50 of 1st period - Tyler Ennis is hit by Zack Kassian and loses puck.
4:05 of 1st period - Owen Tippett is hit by Jason Zucker and loses puck.
4:24 of 1st period - Wrist shot by Barrett Hayton.
4:24 of 1st period - Stopped by Ilya Sorokin without a rebound.
4:25 of 1st period - Steven Stamkos wins face-off versus Connor McDavid in Senateurs zone.
4:37 of 1st period - Minor Penalty to Bobby Ryan for Hooking.
4:38 of 1st period - Connor McDavid wins face-off versus Steven Stamkos in Oilers zone.
6:31 of 1st period - Slapshot by Barrett Hayton.
6:31 of 1st period - Shot Misses the Net.
6:37 of 1st period - Penalty to Bobby Ryan is over, Bobby Ryan is back on ice.
6:37 of 1st period - Mark Giordano is hit by Nick Holden and loses puck.
7:49 of 1st period - Brandon Pirri is hit by Vinni Lettieri and loses puck.
8:19 of 1st period - Off-side.
8:20 of 1st period - Tyler Ennis wins face-off versus Cody Glass in neutral zone.
8:29 of 1st period - Slapshot by Cody Glass.
8:29 of 1st period - Shot Misses the Net.
8:31 of 1st period - Slapshot by John Carlson.
8:31 of 1st period - Deflect By Cody Glass.
8:31 of 1st period - Shot Blocked by Trevor van Riemsdyk.
8:31 of 1st period - Puck is out of play.
8:32 of 1st period - Steven Stamkos wins face-off versus Kyle Okposo in Senateurs zone.
8:40 of 1st period - Slapshot by Nick Holden.
8:40 of 1st period - Shot Blocked by Kyle Okposo.
8:42 of 1st period - Wrist shot by Steven Stamkos.
8:42 of 1st period - Stopped by Kaapo Kahkonen without a rebound.
8:43 of 1st period - Steven Stamkos wins face-off versus Connor McDavid in Oilers zone.
9:16 of 1st period - Snap shot by Jared McCann.
9:16 of 1st period - Stopped by Kaapo Kahkonen without a rebound.
9:17 of 1st period - Cody Glass wins face-off versus Steven Stamkos in Oilers zone.
9:41 of 1st period - Icing by Dustin Brown.
9:42 of 1st period - Erik Haula wins face-off versus Connor McDavid in Senateurs zone.
9:54 of 1st period - Wrist shot by Bobby Ryan.
9:54 of 1st period - Deflect By Connor McDavid.
9:54 of 1st period - Shot Blocked by Trevor van Riemsdyk.
9:54 of 1st period - Puck is out of play.
9:55 of 1st period - Steven Stamkos wins face-off versus Connor McDavid in Senateurs zone.
9:55 of 1st period - Steven Stamkos is hit by Connor McDavid.
10:31 of 1st period - Jeff Skinner is hit by Erik Haula.
11:06 of 1st period - Snap shot by James Neal.
11:06 of 1st period - Stopped by Ilya Sorokin without a rebound.
11:07 of 1st period - Steven Stamkos wins face-off versus Ben Street in Senateurs zone.
12:16 of 1st period - Icing by Jake Gardiner.
12:17 of 1st period - Barrett Hayton wins face-off versus Vinni Lettieri in Oilers zone.
12:17 of 1st period - Barrett Hayton is hit by Jake Bischoff.
12:29 of 1st period - Slapshot by Tyler Ennis.
12:29 of 1st period - Stopped by Kaapo Kahkonen without a rebound.
12:30 of 1st period - Steven Stamkos wins face-off versus Connor McDavid in Oilers zone.
13:29 of 1st period - Snap shot by Jason Zucker.
13:29 of 1st period - Deflect By Devin Shore.
13:29 of 1st period - Shot Misses the Net.
13:29 of 1st period - Puck is out of play.
13:30 of 1st period - Steven Stamkos wins face-off versus Connor McDavid in Oilers zone.
14:43 of 1st period - Connor McDavid is hit by Dustin Brown and loses puck.
15:26 of 1st period - Slapshot by Jeff Skinner.
15:26 of 1st period - Shot Misses the Net.
15:32 of 1st period - Wrist shot by Ryan Hartman.
15:32 of 1st period - Shot Blocked by Tomas Nosek.
16:07 of 1st period - Wrist shot by Steven Stamkos.
16:07 of 1st period - Shot Blocked by Jordan Oesterle.
16:09 of 1st period - Snap shot by Jakub Voracek.
16:09 of 1st period - Stopped by Kaapo Kahkonen without a rebound.
16:10 of 1st period - Steven Stamkos wins face-off versus Cody Glass in Oilers zone.
16:11 of 1st period - Snap shot by Dustin Brown.
16:11 of 1st period - Shot Blocked by Cody Glass.
16:13 of 1st period - Snap shot by Jakub Voracek.
16:13 of 1st period - Shot Misses the Net.
17:02 of 1st period - Erik Gustafsson is hit by Ben Street and loses puck.
17:11 of 1st period - Jordan Oesterle is hit by Erik Gustafsson and loses puck.
17:22 of 1st period - Erik Gustafsson is hit by Barrett Hayton and loses puck.
17:47 of 1st period - Tomas Nosek is hit by Ryan Hartman.
18:14 of 1st period - Snap shot by Bobby Ryan.
18:14 of 1st period - Stopped by Ilya Sorokin with a rebound.
18:16 of 1st period - Wrist shot by Connor McDavid.
18:16 of 1st period - Shot Misses the Net.
18:32 of 1st period - James Neal is hit by Danny DeKeyser and loses puck.
18:41 of 1st period - Backhand shot by Dustin Brown.
18:41 of 1st period - Stopped by Kaapo Kahkonen without a rebound.
18:42 of 1st period - Steven Stamkos wins face-off versus Connor McDavid in Oilers zone.
19:03 of 1st period - Steven Stamkos is hit by Kyle Okposo and loses puck.
19:58 of 1st period - Wrist shot by Tyler Ennis.
19:58 of 1st period - Stopped by Kaapo Kahkonen with a rebound.
Goals for this period are 0 for Oilers vs 0 for Senateurs.
Shots for this period are 4 for Oilers vs 9 for Senateurs.

2nd period


0:01 of 2nd period - Steven Stamkos wins face-off versus Kyle Okposo in neutral zone.
0:33 of 2nd period - Snap shot by Jared McCann.
0:33 of 2nd period - Shot Misses the Net.
0:51 of 2nd period - Wrist shot by Jason Zucker.
0:51 of 2nd period - Shot Blocked by Jake Gardiner.
0:53 of 2nd period - Snap shot by Devin Shore.
0:53 of 2nd period - Stopped by Kaapo Kahkonen with a rebound.
0:55 of 2nd period - Slapshot by Devin Shore.
0:55 of 2nd period - Stopped by Kaapo Kahkonen without a rebound.
0:56 of 2nd period - Steven Stamkos wins face-off versus Connor McDavid in Oilers zone.
0:57 of 2nd period - Wrist shot by Jakub Voracek.
0:57 of 2nd period - Stopped by Kaapo Kahkonen without a rebound.
0:58 of 2nd period - Connor McDavid wins face-off versus Steven Stamkos in Oilers zone.
1:32 of 2nd period - Danny DeKeyser is hit by Mark Giordano and loses puck.
2:13 of 2nd period - Slapshot by Erik Gustafsson.
2:13 of 2nd period - Shot Misses the Net.
2:15 of 2nd period - Wrist shot by Alexander Kerfoot.
2:15 of 2nd period - Shot Misses the Net.
2:30 of 2nd period - Steven Stamkos is hit by Bobby Ryan and loses puck.
2:35 of 2nd period - Snap shot by Kyle Okposo.
2:35 of 2nd period - Shot Misses the Net.
2:37 of 2nd period - Wrist shot by Connor McDavid.
2:37 of 2nd period - Stopped by Ilya Sorokin without a rebound.
2:38 of 2nd period - Erik Haula wins face-off versus Cody Glass in Senateurs zone.
2:38 of 2nd period - Erik Haula is hit by Tomas Nosek.
2:54 of 2nd period - Wrist shot by Jared McCann.
2:54 of 2nd period - Stopped by Kaapo Kahkonen without a rebound.
2:55 of 2nd period - Connor McDavid wins face-off versus Steven Stamkos in Oilers zone.
3:21 of 2nd period - Trevor van Riemsdyk is hit by Tomas Nosek and loses puck.
3:26 of 2nd period - Snap shot by Cody Glass.
3:26 of 2nd period - Stopped by Ilya Sorokin without a rebound.
3:27 of 2nd period - Cody Glass wins face-off versus Erik Haula in Senateurs zone.
3:40 of 2nd period - Wrist shot by Jared McCann.
3:40 of 2nd period - Shot Misses the Net.
4:04 of 2nd period - Slapshot by Steven Stamkos.
4:04 of 2nd period - Deflect By Jordan Oesterle.
4:04 of 2nd period - Shot Blocked by Jordan Oesterle.
4:04 of 2nd period - Puck is out of play.
4:05 of 2nd period - Steven Stamkos wins face-off versus James Neal in Oilers zone.
4:41 of 2nd period - Snap shot by James Neal.
4:41 of 2nd period - Stopped by Ilya Sorokin without a rebound.
4:42 of 2nd period - Steven Stamkos wins face-off versus Connor McDavid in Senateurs zone.
4:56 of 2nd period - Off-side.
4:57 of 2nd period - Cody Glass wins face-off versus Erik Haula in neutral zone.
5:00 of 2nd period - Jared McCann is hit by Tomas Nosek and loses puck.
5:27 of 2nd period - Slapshot by Jakub Voracek.
5:27 of 2nd period - Deflect By Dustin Brown.
5:27 of 2nd period - Shot Misses the Net.
5:27 of 2nd period - Puck is out of play.
5:28 of 2nd period - Steven Stamkos wins face-off versus Connor McDavid in Oilers zone.
5:35 of 2nd period - Wrist shot by Jakub Voracek.
5:35 of 2nd period - Shot Blocked by Jordan Oesterle.
6:02 of 2nd period - Wrist shot by Ryan Hartman.
6:02 of 2nd period - Stopped by Kaapo Kahkonen with a rebound.
6:05 of 2nd period - Icing by Jeff Skinner.
6:06 of 2nd period - Steven Stamkos wins face-off versus Cody Glass in Oilers zone.
6:07 of 2nd period - Slapshot by Jakub Voracek.
6:07 of 2nd period - Shot Blocked by Jordan Oesterle.
6:09 of 2nd period - Slapshot by Trevor van Riemsdyk.
6:09 of 2nd period - Stopped by Kaapo Kahkonen with a rebound.
6:11 of 2nd period - Snap shot by Danny DeKeyser.
6:11 of 2nd period - Shot Blocked by Jake Gardiner.
6:41 of 2nd period - Snap shot by Erik Haula.
6:41 of 2nd period - Shot Misses the Net.
6:43 of 2nd period - Snap shot by Tobias Bjornfot.
6:43 of 2nd period - Shot Blocked by Jordan Oesterle.
7:36 of 2nd period - Off-side.
7:37 of 2nd period - Steven Stamkos wins face-off versus Barrett Hayton in neutral zone.
8:35 of 2nd period - Wrist shot by Erik Haula.
8:35 of 2nd period - Stopped by Kaapo Kahkonen with a rebound.
8:49 of 2nd period - Wrist shot by Owen Tippett.
8:49 of 2nd period - Shot Misses the Net.
8:51 of 2nd period - Snap shot by Mark Giordano.
8:51 of 2nd period - Shot Misses the Net.
8:53 of 2nd period - Snap shot by Ben Street.
8:53 of 2nd period - Shot Misses the Net.
8:55 of 2nd period - Slapshot by John Carlson.
8:55 of 2nd period - Stopped by Ilya Sorokin without a rebound.
8:56 of 2nd period - Steven Stamkos wins face-off versus Connor McDavid in Senateurs zone.
9:07 of 2nd period - Snap shot by Jakub Voracek.
9:07 of 2nd period - Stopped by Kaapo Kahkonen without a rebound.
9:08 of 2nd period - Connor McDavid wins face-off versus Steven Stamkos in Oilers zone.
9:33 of 2nd period - Trevor van Riemsdyk is hit by Owen Tippett and loses puck.
10:21 of 2nd period - Slapshot by Devin Shore.
10:21 of 2nd period - Stopped by Kaapo Kahkonen without a rebound.
10:22 of 2nd period - Connor McDavid wins face-off versus Devin Shore in Oilers zone.
10:28 of 2nd period - Minor Penalty to Alexander Kerfoot for Tripping.
10:29 of 2nd period - Devin Shore wins face-off versus Connor McDavid in Senateurs zone.
12:28 of 2nd period - Penalty to Alexander Kerfoot is over, Alexander Kerfoot is back on ice.
12:43 of 2nd period - Brandon Pirri is hit by Vinni Lettieri and loses puck.
13:02 of 2nd period - Owen Tippett is hit by Alexander Kerfoot and loses puck.
13:27 of 2nd period - Cody Glass is hit by Tyler Ennis and loses puck.
14:12 of 2nd period - Owen Tippett is hit by Dustin Brown and loses puck.
14:24 of 2nd period - Off-side.
14:25 of 2nd period - Erik Haula wins face-off versus Connor McDavid in neutral zone.
14:32 of 2nd period - Snap shot by Jared McCann.
14:32 of 2nd period - Stopped by Kaapo Kahkonen with a rebound.
14:59 of 2nd period - Snap shot by Cody Glass.
14:59 of 2nd period - Stopped by Ilya Sorokin without a rebound.
15:00 of 2nd period - Steven Stamkos wins face-off versus Ben Street in Senateurs zone.
15:11 of 2nd period - Snap shot by Steven Stamkos.
15:11 of 2nd period - Goal by Steven Stamkos - Oilers : 0 - Senateurs : 1.
15:12 of 2nd period - Erik Haula wins face-off versus Connor McDavid in neutral zone.
15:50 of 2nd period - Wrist shot by Jeff Skinner.
15:50 of 2nd period - Goal by Jeff Skinner - Oilers : 1 - Senateurs : 1.
15:51 of 2nd period - Connor McDavid wins face-off versus Steven Stamkos in neutral zone.
16:00 of 2nd period - Slapshot by Connor McDavid.
16:00 of 2nd period - Shot Misses the Net.
16:02 of 2nd period - Wrist shot by Kyle Okposo.
16:02 of 2nd period - Shot Blocked by Dustin Brown.
16:28 of 2nd period - Snap shot by James Neal.
16:28 of 2nd period - Shot Misses the Net.
16:40 of 2nd period - Slapshot by Erik Gustafsson.
16:40 of 2nd period - Deflect By Jake Gardiner.
16:40 of 2nd period - Stopped by Kaapo Kahkonen with a rebound.
16:42 of 2nd period - Wrist shot by Jared McCann.
16:42 of 2nd period - Deflect By Erik Haula.
16:42 of 2nd period - Goal by Erik Haula - Oilers : 1 - Senateurs : 2.
16:43 of 2nd period - Devin Shore wins face-off versus Connor McDavid in neutral zone.
16:50 of 2nd period - Snap shot by Alexander Kerfoot.
16:50 of 2nd period - Stopped by Kaapo Kahkonen with a rebound.
16:52 of 2nd period - Slapshot by Danny DeKeyser.
16:52 of 2nd period - Stopped by Kaapo Kahkonen with a rebound.
16:54 of 2nd period - Slapshot by Danny DeKeyser.
16:54 of 2nd period - Deflect By Alexander Kerfoot.
16:54 of 2nd period - Stopped by Kaapo Kahkonen with a rebound.
16:56 of 2nd period - Snap shot by Devin Shore.
16:56 of 2nd period - Stopped by Kaapo Kahkonen with a rebound.
16:58 of 2nd period - Snap shot by Alexander Kerfoot.
16:58 of 2nd period - Stopped by Kaapo Kahkonen without a rebound.
16:59 of 2nd period - Cody Glass wins face-off versus Erik Haula in Oilers zone.
17:04 of 2nd period - Jake Bischoff is hit by Cody Glass and loses puck.
17:50 of 2nd period - Wrist shot by James Neal.
17:50 of 2nd period - Shot Misses the Net.
18:10 of 2nd period - Jake Virtanen is hit by Barrett Hayton and loses puck.
18:39 of 2nd period - Slapshot by Erik Gustafsson.
18:39 of 2nd period - Stopped by Kaapo Kahkonen with a rebound.
18:56 of 2nd period - Wrist shot by Owen Tippett.
18:56 of 2nd period - Shot Blocked by Nick Holden.
18:56 of 2nd period - Nick Holden from Senateurs is injured at 18:56 of 2nd period (Sports Hernia).
18:57 of 2nd period - Connor McDavid wins face-off versus Ryan Hartman in Senateurs zone.
19:00 of 2nd period - Slapshot by Bobby Ryan.
19:00 of 2nd period - Stopped by Ilya Sorokin without a rebound.
19:01 of 2nd period - Bobby Ryan wins face-off versus Erik Haula in Senateurs zone.
19:08 of 2nd period - Backhand shot by Ryan Hartman.
19:08 of 2nd period - Stopped by Kaapo Kahkonen with a rebound.
19:31 of 2nd period - Wrist shot by Owen Tippett.
19:31 of 2nd period - Goal by Owen Tippett - Oilers : 2 - Senateurs : 2.
19:32 of 2nd period - Steven Stamkos wins face-off versus Connor McDavid in neutral zone.
19:47 of 2nd period - Wrist shot by Steven Stamkos.
19:47 of 2nd period - Shot Blocked by Mark Giordano.
19:59 of 2nd period - Jake Bischoff is hit by James Neal and loses puck.
Goals for this period are 2 for Oilers vs 2 for Senateurs.
Shots for this period are 8 for Oilers vs 20 for Senateurs.

3rd period


0:01 of 3rd period - Connor McDavid wins face-off versus Steven Stamkos in neutral zone.
0:26 of 3rd period - Alexander Kerfoot is hit by Jeff Skinner and loses puck.
0:35 of 3rd period - Wrist shot by Alexander Kerfoot.
0:35 of 3rd period - Shot Misses the Net.
0:45 of 3rd period - Slapshot by Ryan Hartman.
0:45 of 3rd period - Stopped by Kaapo Kahkonen without a rebound.
0:46 of 3rd period - Erik Haula wins face-off versus Ben Street in Oilers zone.
1:45 of 3rd period - Snap shot by Jeff Skinner.
1:45 of 3rd period - Shot Misses the Net.
1:56 of 3rd period - Off-side.
1:57 of 3rd period - Barrett Hayton wins face-off versus Devin Shore in neutral zone.
2:00 of 3rd period - Devin Shore is hit by John Carlson and loses puck.
2:29 of 3rd period - Wrist shot by Zack Kassian.
2:29 of 3rd period - Stopped by Ilya Sorokin without a rebound.
2:30 of 3rd period - Steven Stamkos wins face-off versus Connor McDavid in Senateurs zone.
3:42 of 3rd period - Snap shot by Devin Shore.
3:42 of 3rd period - Stopped by Kaapo Kahkonen with a rebound.
3:57 of 3rd period - Icing by Steven Stamkos.
3:58 of 3rd period - Kyle Okposo wins face-off versus Erik Haula in Senateurs zone.
4:01 of 3rd period - Wrist shot by Bobby Ryan.
4:01 of 3rd period - Stopped by Ilya Sorokin with a rebound.
5:11 of 3rd period - Snap shot by Tyler Ennis.
5:11 of 3rd period - Shot Blocked by Brendan Smith.
5:13 of 3rd period - Wrist shot by Tyler Ennis.
5:13 of 3rd period - Stopped by Kaapo Kahkonen with a rebound.
5:15 of 3rd period - Slapshot by Tobias Bjornfot.
5:15 of 3rd period - Shot Misses the Net.
5:17 of 3rd period - Wrist shot by Tyler Ennis.
5:17 of 3rd period - Stopped by Kaapo Kahkonen with a rebound.
5:33 of 3rd period - Wrist shot by Ryan Hartman.
5:33 of 3rd period - Shot Misses the Net.
5:35 of 3rd period - Slapshot by Erik Gustafsson.
5:35 of 3rd period - Shot Misses the Net.
5:37 of 3rd period - Wrist shot by Erik Haula.
5:37 of 3rd period - Stopped by Kaapo Kahkonen without a rebound.
5:38 of 3rd period - Steven Stamkos wins face-off versus Cody Glass in Oilers zone.
5:49 of 3rd period - Dustin Brown is hit by Jeff Skinner.
5:59 of 3rd period - Icing by Mark Giordano.
6:00 of 3rd period - Cody Glass wins face-off versus Erik Haula in Oilers zone.
6:05 of 3rd period - Slapshot by Jared McCann.
6:05 of 3rd period - Shot Misses the Net.
6:18 of 3rd period - Jared McCann is hit by Mark Giordano and loses puck.
6:36 of 3rd period - Off-side.
6:37 of 3rd period - Connor McDavid wins face-off versus Steven Stamkos in neutral zone.
6:40 of 3rd period - Snap shot by Connor McDavid.
6:40 of 3rd period - Shot Blocked by Jake Bischoff.
6:42 of 3rd period - Wrist shot by Connor McDavid.
6:42 of 3rd period - Shot Blocked by Tobias Bjornfot.
6:44 of 3rd period - Backhand shot by Bobby Ryan.
6:44 of 3rd period - Stopped by Ilya Sorokin with a rebound.
6:46 of 3rd period - Snap shot by Alex Biega.
6:46 of 3rd period - Stopped by Ilya Sorokin without a rebound.
6:47 of 3rd period - Connor McDavid wins face-off versus Steven Stamkos in Senateurs zone.
6:48 of 3rd period - Backhand shot by Bobby Ryan.
6:48 of 3rd period - Stopped by Ilya Sorokin with a rebound.
6:50 of 3rd period - Snap shot by Kyle Okposo.
6:50 of 3rd period - Shot Misses the Net.
6:56 of 3rd period - Slapshot by Connor McDavid.
6:56 of 3rd period - Stopped by Ilya Sorokin without a rebound.
6:57 of 3rd period - Connor McDavid wins face-off versus Steven Stamkos in Senateurs zone.
6:58 of 3rd period - Wrist shot by Kyle Okposo.
6:58 of 3rd period - Stopped by Ilya Sorokin without a rebound.
6:59 of 3rd period - Steven Stamkos wins face-off versus Connor McDavid in Senateurs zone.
7:31 of 3rd period - Snap shot by Cody Glass.
7:31 of 3rd period - Deflect By Tomas Nosek.
7:31 of 3rd period - Stopped by Ilya Sorokin with a rebound.
7:33 of 3rd period - Wrist shot by Cody Glass.
7:33 of 3rd period - Shot Misses the Net.
7:42 of 3rd period - Off-side.
7:43 of 3rd period - Devin Shore wins face-off versus Barrett Hayton in neutral zone.
7:52 of 3rd period - Wrist shot by Alexander Kerfoot.
7:52 of 3rd period - Shot Misses the Net.
8:51 of 3rd period - Snap shot by Vinni Lettieri.
8:51 of 3rd period - Stopped by Kaapo Kahkonen without a rebound.
8:52 of 3rd period - Vinni Lettieri wins face-off versus Cody Glass in Oilers zone.
8:53 of 3rd period - Backhand shot by Tyler Ennis.
8:53 of 3rd period - Shot Misses the Net.
8:55 of 3rd period - Snap shot by Tyler Ennis.
8:55 of 3rd period - Stopped by Kaapo Kahkonen without a rebound.
8:56 of 3rd period - Connor McDavid wins face-off versus Steven Stamkos in Oilers zone.
9:03 of 3rd period - Wrist shot by Connor McDavid.
9:03 of 3rd period - Stopped by Ilya Sorokin with a rebound.
9:41 of 3rd period - Ben Street is hit by Devin Shore and loses puck.
10:00 of 3rd period - Alexander Kerfoot is hit by Mark Giordano.
10:26 of 3rd period - Devin Shore is hit by Brandon Pirri and loses puck.
10:37 of 3rd period - Wrist shot by Alexander Kerfoot.
10:37 of 3rd period - Stopped by Kaapo Kahkonen with a rebound.
10:43 of 3rd period - Slapshot by Jake Gardiner.
10:43 of 3rd period - Stopped by Ilya Sorokin without a rebound.
10:44 of 3rd period - Connor McDavid wins face-off versus Steven Stamkos in Senateurs zone.
10:51 of 3rd period - Snap shot by Connor McDavid.
10:51 of 3rd period - Stopped by Ilya Sorokin with a rebound.
10:53 of 3rd period - Wrist shot by Bobby Ryan.
10:53 of 3rd period - Stopped by Ilya Sorokin with a rebound.
10:55 of 3rd period - Wrist shot by Connor McDavid.
10:55 of 3rd period - Deflect By Bobby Ryan.
10:55 of 3rd period - Goal by Bobby Ryan - Oilers : 3 - Senateurs : 2.
10:56 of 3rd period - Connor McDavid wins face-off versus Steven Stamkos in neutral zone.
11:01 of 3rd period - Dustin Brown is hit by Bobby Ryan and loses puck.
11:22 of 3rd period - Trevor van Riemsdyk is hit by Tomas Nosek and loses puck.
11:36 of 3rd period - Icing by John Carlson.
11:37 of 3rd period - Cody Glass wins face-off versus Steven Stamkos in Oilers zone.
11:37 of 3rd period - Cody Glass is hit by Jakub Voracek.
11:48 of 3rd period - Minor Penalty to Dustin Brown for High sticking.
11:49 of 3rd period - Devin Shore wins face-off versus Connor McDavid in Senateurs zone.
12:14 of 3rd period - Trevor van Riemsdyk is hit by Mark Giordano and loses puck.
13:01 of 3rd period - Jeff Skinner is hit by Jake Bischoff and loses puck.
13:48 of 3rd period - Penalty to Dustin Brown is over, Dustin Brown is back on ice.
13:55 of 3rd period - Erik Gustafsson is hit by John Carlson and loses puck.
14:14 of 3rd period - Icing by Tobias Bjornfot.
14:15 of 3rd period - Ben Street wins face-off versus Steven Stamkos in Senateurs zone.
14:18 of 3rd period - Wrist shot by Owen Tippett.
14:18 of 3rd period - Deflect By James Neal.
14:18 of 3rd period - Stopped by Ilya Sorokin without a rebound.
14:19 of 3rd period - Erik Haula wins face-off versus Ben Street in Senateurs zone.
14:51 of 3rd period - Off-side.
14:52 of 3rd period - Connor McDavid wins face-off versus Steven Stamkos in neutral zone.
14:58 of 3rd period - Icing by Erik Gustafsson.
14:59 of 3rd period - Steven Stamkos wins face-off versus Bobby Ryan in Senateurs zone.
16:11 of 3rd period - Slapshot by Barrett Hayton.
16:11 of 3rd period - Shot Hit the Post.
16:13 of 3rd period - Slapshot by Jordan Oesterle.
16:13 of 3rd period - Stopped by Ilya Sorokin without a rebound.
16:14 of 3rd period - Connor McDavid wins face-off versus Devin Shore in Senateurs zone.
16:15 of 3rd period - Snap shot by Kyle Okposo.
16:15 of 3rd period - Stopped by Ilya Sorokin without a rebound.
16:16 of 3rd period - Connor McDavid wins face-off versus Devin Shore in Senateurs zone.
16:17 of 3rd period - Snap shot by Kyle Okposo.
16:17 of 3rd period - Shot Misses the Net.
16:41 of 3rd period - Jake Bischoff is hit by James Neal.
16:49 of 3rd period - Wrist shot by Owen Tippett.
16:49 of 3rd period - Stopped by Ilya Sorokin with a rebound.
16:51 of 3rd period - Snap shot by Ben Street.
16:51 of 3rd period - Stopped by Ilya Sorokin with a rebound.
17:26 of 3rd period - Snap shot by Erik Haula.
17:26 of 3rd period - Deflect By Jared McCann.
17:26 of 3rd period - Shot Blocked by John Carlson.
17:26 of 3rd period - Puck is out of play.
17:27 of 3rd period - Erik Haula wins face-off versus James Neal in Oilers zone.
17:52 of 3rd period - Trevor van Riemsdyk is hit by Connor McDavid and loses puck.
18:45 of 3rd period - Wrist shot by Ryan Hartman.
18:45 of 3rd period - Deflect By Mark Giordano.
18:45 of 3rd period - Stopped by Kaapo Kahkonen with a rebound.
19:12 of 3rd period - Senateurs, Ilya Sorokin is pulled from the net.
19:30 of 3rd period - Slapshot by Steven Stamkos.
19:30 of 3rd period - Deflect By Dustin Brown.
19:30 of 3rd period - Stopped by Kaapo Kahkonen with a rebound.
19:32 of 3rd period - Slapshot by Steven Stamkos.
19:32 of 3rd period - Shot Blocked by Connor McDavid.
19:34 of 3rd period - Slapshot by Tobias Bjornfot.
19:34 of 3rd period - Deflect By Jakub Voracek.
19:34 of 3rd period - Stopped by Kaapo Kahkonen with a rebound.
19:44 of 3rd period - Snap shot by Jakub Voracek.
19:44 of 3rd period - Shot Hit the Post.
Goals for this period are 1 for Oilers vs 0 for Senateurs.
Shots for this period are 18 for Oilers vs 11 for Senateurs.